Knights vs Carnivores
Created - 13 décembre 2016 at 21:24
Goals
|
Knights |
2 |
2 |
0 |
4 |
Carnivores |
4 |
1 |
2 |
7 |
|
Shots
|
Knights |
18 |
10 |
10 |
38 |
Carnivores |
15 |
11 |
11 |
37 |
|
1st period
1. Carnivores , Brendan Gallagher 12 (Artemi Panarin, Nate Schmidt) at 2:13 (PP)
2. Carnivores , Anton Gustafsson 8 (Bobby Sanguinetti, Nate Schmidt) at 3:02
3. Knights , Nikita Nikitin 3 (James Wright, Chris Thorburn) at 11:14 (PP)
4. Knights , Jimmy Hayes 9 (Ryan Nugent-Hopkins) at 12:27 (PP)
5. Carnivores , Jeremy Welsh 3 (Markus Granlund) at 17:41
6. Carnivores , Artemi Panarin 17 (Anton Gustafsson, Brendan Gallagher) at 19:53 (PP)
Penalties :
Jason Zucker (Lon) for Boarding (Minor) at 0:25, Mat Clark (Bre) for Cross-checking (Minor) at 11:08, Mark McNeill (Bre) for Roughing (Minor) at 11:38, Jimmy Hayes (Lon) for Tripping (Minor) at 15:07, Nikita Nikitin (Lon) for Hooking (Minor) at 19:41
2nd period
7. Knights , Jason Zucker 8 (Chris Thorburn, Tomas Kundratek) at 2:48
8. Knights , James Wright 11 (Michael Raffl, Tomas Kundratek) at 6:19
9. Carnivores , Artemi Panarin 18 (Bobby Sanguinetti, Anton Gustafsson) at 17:20
Penalties :
Brendan Gallagher (Bre) for Diving (Minor) at 2:51, Michael Raffl (Lon) for Slashing (Minor) at 13:17, Linden Vey (Lon) for Roughing (Minor) at 18:45
3rd period
10. Carnivores , Anton Gustafsson 9 (Artemi Panarin, Bobby Sanguinetti) at 6:25 (PP)
11. Carnivores , Colton Orr 8 (Bobby Sanguinetti, Artemi Panarin) at 16:53
Penalties :
Jimmy Hayes (Lon) for Hooking (Minor) at 6:13, Jimmy Hayes (Lon) for Hooking (Minor) at 14:46, Jimmy Hayes (Lon) for Hooking (Minor) at 17:33
Goalie Stats
Jeff Glass (Lon), 11 saves from 15 shots - (0,733), 19:53 minutes
Mark Dekanich (Lon), 19 saves from 22 shots - (0,864), L, 3-3-0, 40:07 minutes
Antti Raanta (Bre), 34 saves from 38 shots - (0,895), W, 4-1-0, 60:00 minutes
Players Stats for Knights
Player Name G A P +/- PIM S H SB GA TA FO MP PP MP PK MP
------------------------------------------------------------------------------------
A.J. Jenks 0 0 0 -1 0 2 1 0 1 0 0/0 7:50 0:00 0:00
Chris Thorburn 0 2 2 0 0 4 0 0 0 0 1/1 14:17 1:39 0:00
Cody Bass 0 0 0 -1 0 3 0 0 1 0 0/1 8:28 0:06 0:13
James Wright 1 1 2 1 0 2 0 0 0 0 13/40 22:10 1:39 6:25
Jason Zucker 1 0 1 -1 2 1 1 0 0 0 0/0 16:32 1:09 2:21
Jimmy Hayes 1 0 1 0 8 5 2 0 1 0 3/5 18:21 1:09 3:11
Joe Colborne 0 0 0 0 0 4 2 1 0 1 5/11 15:44 0:00 3:03
Kevin Hayes 0 0 0 -1 0 2 1 1 0 1 1/1 13:01 0:00 3:03
Linden Vey 0 0 0 -1 2 1 1 0 0 0 0/0 8:14 0:06 0:00
Michael Raffl 0 1 1 1 2 1 1 2 0 0 1/2 18:58 1:39 3:19
Michael Stone 0 0 0 -1 0 2 1 1 0 0 0/0 23:50 0:58 4:39
Nikita Nikitin 1 0 1 0 2 3 0 0 0 2 0/0 25:11 1:56 7:16
Patrick Wiercioch 0 0 0 -1 0 0 0 0 0 0 0/0 10:46 0:00 0:00
Ronalds Kenins 0 0 0 -1 0 1 3 1 0 0 0/0 10:33 0:06 0:13
Ryan Nugent-Hopkins 0 1 1 -2 0 2 0 0 0 0 3/9 13:38 1:09 2:26
Scott Lehman 0 0 0 -1 0 0 0 0 1 1 0/0 11:45 0:58 0:00
Tomas Kundratek 0 2 2 0 0 1 2 2 2 3 0/0 30:06 1:56 7:28
Zach Trotman 0 0 0 -1 0 4 2 0 1 2 0/0 18:21 0:00 4:51
Players Stats for Carnivores
Player Name G A P +/- PIM S H SB GA TA FO MP PP MP PK MP
------------------------------------------------------------------------------------
Anton Gustafsson 2 2 4 1 0 5 1 0 0 0 23/40 21:47 6:49 0:46
Artemi Panarin 2 3 5 1 0 3 4 0 1 2 6/7 22:53 6:58 1:43
Blake Geoffrion 0 0 0 -1 0 1 0 2 3 0 0/0 18:13 5:05 0:00
Bobby Sanguinetti 0 4 4 3 0 2 1 2 0 0 0/0 26:58 7:27 2:09
Brendan Gallagher 1 1 2 1 2 3 2 0 0 0 2/3 21:16 6:41 0:09
Chris Lawrence 0 0 0 -1 0 6 1 1 0 0 0/1 19:59 5:05 1:46
Colton Orr 1 0 1 1 0 5 0 0 1 1 0/0 6:56 0:13 0:00
Frederic St-Denis 0 0 0 0 0 0 0 0 0 0 0/0 3:52 0:00 0:00
Jeremy Welsh 1 0 1 2 0 1 1 0 3 0 0/0 11:10 0:21 0:00
Lane MacDermid 0 0 0 1 0 2 0 0 0 1 1/1 7:52 0:04 0:48
Mark McNeill 0 0 0 1 2 0 1 0 0 0 1/1 10:38 0:00 0:00
Markus Granlund 0 1 1 1 0 1 1 0 0 0 2/3 10:39 0:00 0:00
Mat Clark 0 0 0 1 2 0 0 0 0 0 0/0 9:12 0:00 0:00
Mattias Backman 0 0 0 0 0 0 0 0 0 0 0/0 3:52 0:00 0:00
Mikael Granlund 0 0 0 -1 0 0 2 0 0 0 5/11 19:06 5:05 0:36
Nate Schmidt 0 2 2 3 0 2 2 2 1 2 0/0 26:58 7:27 2:09
Phil Oreskovic 0 0 0 -2 0 3 0 3 0 0 0/0 19:57 4:40 0:45
Sasha Pokulok 0 0 0 -2 0 1 1 3 1 1 0/0 19:57 4:40 0:45
Zach Jones 0 0 0 1 0 0 0 0 0 0 0/0 9:13 0:00 0:00
Zack Smith 0 0 0 0 0 2 0 0 0 0 3/3 6:35 0:00 0:00
3 Stars
1 - Artemi Panarin (Bre)
2 - Anton Gustafsson (Bre)
3 - Bobby Sanguinetti (Bre)
Power Play
Knights - 2 on 3 Attempt(s) - 66,67%
Carnivores - 3 on 8 Attempt(s) - 37,50%
Penalty Kill
Knights - 5 on 8 Attempt(s) - 62,50%
- Score 0 goal in Penalty Kill
Carnivores - 1 on 3 Attempt(s) - 33,33%
- Score 0 goal in Penalty Kill
Team Stat
Knights - Hits : 17 - Faceoff Wins : 27 - Blocked Shots : 8 - Penalty Minutes : 16
Carnivores - Hits : 17 - Faceoff Wins : 43 - Blocked Shots : 13 - Penalty Minutes : 6
Official
Referees : Walkom Stephen and Rehman Kyle
Linesman : Scott Cherrey and Derek Amell
Game Notes
Mark Dekanich enters game at 19:53 of 1st period
Finance
Level 1 -- Attendance: 1538 (76,90%) -- Ticket Income 61 520 $
Level 2 -- Attendance: 693 (69,30%) -- Ticket Income 13 860 $
Total Attendance: 2231 (74,37%)
Total Ticket Income: 75 380 $
Other Income: 3 769 $
Total Income: 79 149 $
Knights
5 vs 5 Forward
Center Left Wing Right Wing Time % Phy DF OF
1 James Wright Michael Raffl Jimmy Hayes 35 1 2 2
2 Joe Colborne Jason Zucker Chris Thorburn 30 1 2 2
3 Ryan Nugent-Hopkins Ronalds Kenins Kevin Hayes 23 1 2 2
4 Cody Bass A.J. Jenks Linden Vey 12 1 2 2
5 vs 5 Defense
Defense Defense Time % Phy DF OF
1 Nikita Nikitin Tomas Kundratek 35 1 3 1
2 Zach Trotman Michael Stone 30 1 3 1
3 Scott Lehman Patrick Wiercioch 20 1 3 1
4 Tomas Kundratek Michael Stone 15 1 2 2
PowerPlay Forward
Center Left Wing Right Wing Time % Phy DF OF
1 James Wright Michael Raffl Chris Thorburn 60 0 0 5
2 Ryan Nugent-Hopkins Jason Zucker Jimmy Hayes 40 0 0 5
PowerPlay Defense
Defense Defense Time % Phy DF OF
1 Nikita Nikitin Tomas Kundratek 60 0 1 4
2 Michael Stone Scott Lehman 40 0 1 4
Penalty Kill 4 Players Forward
Center Wing Time % Phy DF OF
1 James Wright Jimmy Hayes 60 0 5 0
2 Joe Colborne Kevin Hayes 40 0 5 0
Penalty Kill 4 Players Defense
Defense Defense Time % Phy DF OF
1 Nikita Nikitin Tomas Kundratek 60 0 5 0
2 Zach Trotman Michael Stone 40 0 5 0
Penalty Kill - 3 Players Forward
Forward Time % Phy DF OF
1 Chris Thorburn 60 0 5 0
2 James Wright 40 0 5 0
Penalty Kill - 3 Players Defense
Defense Defense Time % Phy DF OF
1 Michael Stone Tomas Kundratek 60 0 5 0
2 Nikita Nikitin Zach Trotman 40 0 5 0
4 vs 4 Forward
Center Wing Time % Phy DF OF
1 James Wright Chris Thorburn 60 1 2 2
2 Ryan Nugent-Hopkins Jason Zucker 40 1 2 2
4 vs 4 Defense
Defense Defense Time % Phy DF OF
1 Nikita Nikitin Tomas Kundratek 60 1 2 2
2 Zach Trotman Michael Stone 40 1 2 2
Last Minutes Offensive
Center Left Wing Right Wing Defense Defense
Ryan Nugent-Hopkins Michael Raffl Chris Thorburn Tomas Kundratek Nikita Nikitin
Last Minutes Defensive
Center Left Wing Right Wing Defense Defense
James Wright Michael Raffl Jimmy Hayes Tomas Kundratek Zach Trotman
Goaltenders
Starting : Jeff Glass
Backup : Mark Dekanich
Extra Forwards
Normal : Joe Colborne, Michael Raffl, James Wright - PP : James Wright, Michael Raffl - PK : James Wright
Extra Defensemen
Normal : Nikita Nikitin, Tomas Kundratek, Zach Trotman - PP : Nikita Nikitin - PK : Nikita Nikitin, Tomas Kundratek
Penalty Shots
Kevin Hayes, Michael Raffl, Chris Thorburn, James Wright, Joe Colborne
Carnivores
5 vs 5 Forward
Center Left Wing Right Wing Time % Phy DF OF
1 Anton Gustafsson Artemi Panarin Brendan Gallagher 40 1 2 2
2 Mikael Granlund Blake Geoffrion Chris Lawrence 30 1 2 2
3 Markus Granlund Jeremy Welsh Mark McNeill 20 1 2 2
4 Zack Smith Lane MacDermid Colton Orr 10 2 1 2
5 vs 5 Defense
Defense Defense Time % Phy DF OF
1 Bobby Sanguinetti Nate Schmidt 40 1 2 2
2 Phil Oreskovic Sasha Pokulok 30 1 2 2
3 Mat Clark Zach Jones 20 1 2 2
4 Mattias Backman Frederic St-Denis 10 1 2 2
PowerPlay Forward
Center Left Wing Right Wing Time % Phy DF OF
1 Anton Gustafsson Artemi Panarin Brendan Gallagher 60 1 1 3
2 Mikael Granlund Blake Geoffrion Chris Lawrence 40 1 1 3
PowerPlay Defense
Defense Defense Time % Phy DF OF
1 Bobby Sanguinetti Nate Schmidt 60 1 2 2
2 Phil Oreskovic Sasha Pokulok 40 1 2 2
Penalty Kill 4 Players Forward
Center Wing Time % Phy DF OF
1 Artemi Panarin Chris Lawrence 60 1 2 2
2 Anton Gustafsson Brendan Gallagher 40 1 3 1
Penalty Kill 4 Players Defense
Defense Defense Time % Phy DF OF
1 Bobby Sanguinetti Nate Schmidt 60 1 3 1
2 Phil Oreskovic Sasha Pokulok 40 1 3 1
Penalty Kill - 3 Players Forward
Forward Time % Phy DF OF
1 Artemi Panarin 60 1 2 2
2 Anton Gustafsson 40 1 2 2
Penalty Kill - 3 Players Defense
Defense Defense Time % Phy DF OF
1 Bobby Sanguinetti Nate Schmidt 60 1 2 2
2 Phil Oreskovic Sasha Pokulok 40 1 2 2
4 vs 4 Forward
Center Wing Time % Phy DF OF
1 Artemi Panarin Chris Lawrence 60 1 2 2
2 Zack Smith Blake Geoffrion 40 1 2 2
4 vs 4 Defense
Defense Defense Time % Phy DF OF
1 Bobby Sanguinetti Nate Schmidt 60 1 2 2
2 Phil Oreskovic Sasha Pokulok 40 1 2 2
Last Minutes Offensive
Center Left Wing Right Wing Defense Defense
Mikael Granlund Artemi Panarin Brendan Gallagher Bobby Sanguinetti Phil Oreskovic
Last Minutes Defensive
Center Left Wing Right Wing Defense Defense
Anton Gustafsson Artemi Panarin Colton Orr Zach Jones Sasha Pokulok
Goaltenders
Starting : Antti Raanta
Backup : Chad Johnson
Extra Forwards
Normal : Artemi Panarin, Jeremy Welsh, Brendan Gallagher - PP : Artemi Panarin, Jeremy Welsh - PK : Brendan Gallagher
Extra Defensemen
Normal : Mattias Backman, Mat Clark, Nate Schmidt - PP : Nate Schmidt - PK : Mat Clark, Nate Schmidt
Penalty Shots
Chris Lawrence, Artemi Panarin, Brendan Gallagher, Jeremy Welsh, Blake Geoffrion
% Time on Ice - Knights
Lines # - Real PCT - Wanted PCT - Time Play
Normal Forward
1 - 32% - 35% - 14:33
2 - 28% - 30% - 12:41
3 - 22% - 23% - 9:55
4 - 17% - 12% - 7:50
Normal Defense
1 - 36% - 35% - 16:00
2 - 29% - 30% - 12:59
3 - 24% - 20% - 10:46
4 - 12% - 15% - 5:14
PP Forward
1 - 60% - 60% - 1:45
2 - 40% - 40% - 1:09
PP Defense
1 - 67% - 60% - 1:56
2 - 33% - 40% - 0:58
PK Forward
1 - 75% - 60% - 9:04
2 - 25% - 40% - 3:03
PK Defense
1 - 62% - 60% - 7:28
2 - 38% - 40% - 4:39
PK3 Forward
1 - 0% - 60%
2 - 0% - 40%
PK3 Defense
1 - 0% - 60%
2 - 0% - 40%
44 Forward
1 - 0% - 60%
2 - 0% - 40%
44 Defense
1 - 0% - 60%
2 - 0% - 40%
Last Minute Offensive - 0:00
Last Minute Defensive - 0:00
Total
Forward - 60:00
Defense - 60:00
|
% Time on Ice - Carnivores
Lines # - Real PCT - Wanted PCT - Time Play
Normal Forward
1 - 32% - 40% - 14:37
2 - 29% - 30% - 13:08
3 - 24% - 20% - 10:39
4 - 15% - 10% - 6:35
Normal Defense
1 - 39% - 40% - 17:22
2 - 32% - 30% - 14:32
3 - 20% - 20% - 9:13
4 - 9% - 10% - 3:52
PP Forward
1 - 58% - 60% - 7:02
2 - 42% - 40% - 5:05
PP Defense
1 - 61% - 60% - 7:27
2 - 39% - 40% - 4:40
PK Forward
1 - 74% - 60% - 2:08
2 - 26% - 40% - 0:46
PK Defense
1 - 74% - 60% - 2:09
2 - 26% - 40% - 0:45
PK3 Forward
1 - 0% - 60%
2 - 0% - 40%
PK3 Defense
1 - 0% - 60%
2 - 0% - 40%
44 Forward
1 - 0% - 60%
2 - 0% - 40%
44 Defense
1 - 0% - 60%
2 - 0% - 40%
Last Minute Offensive - 0:00
Last Minute Defensive - 0:00
Total
Forward - 60:00
Defense - 60:00
|
Play by Play
1st period
0:01 of 1st period - Anton Gustafsson wins face-off versus James Wright in neutral zone.
0:12 of 1st period - Snap shot by Artemi Panarin.
0:12 of 1st period - Deflect By Anton Gustafsson.
0:12 of 1st period - Deflect By Tomas Kundratek.
0:12 of 1st period - Shot Misses the Net.
0:12 of 1st period - Puck is out of play.
0:13 of 1st period - Joe Colborne wins face-off versus Mikael Granlund in Knights zone.
0:25 of 1st period - Minor Penalty to Jason Zucker for Boarding.
0:26 of 1st period - James Wright wins face-off versus Anton Gustafsson in Knights zone.
0:42 of 1st period - Slapshot by Nate Schmidt.
0:42 of 1st period - Deflect By Brendan Gallagher.
0:42 of 1st period - Shot Blocked by Tomas Kundratek.
0:42 of 1st period - Puck is out of play.
0:43 of 1st period - Kevin Hayes wins face-off versus Chris Lawrence in Knights zone.
0:56 of 1st period - Wrist shot by Joe Colborne.
0:56 of 1st period - Stopped by Antti Raanta with a rebound.
0:58 of 1st period - Snap shot by Joe Colborne.
0:58 of 1st period - Stopped by Antti Raanta with a rebound.
1:08 of 1st period - Jimmy Hayes is hit by Sasha Pokulok.
1:16 of 1st period - Wrist shot by James Wright.
1:16 of 1st period - Deflect By Jimmy Hayes.
1:16 of 1st period - Shot Blocked by Sasha Pokulok.
1:16 of 1st period - Puck is out of play.
1:17 of 1st period - Anton Gustafsson wins face-off versus Jimmy Hayes in Carnivores zone.
1:19 of 1st period - Icing by Brendan Gallagher.
1:20 of 1st period - Anton Gustafsson wins face-off versus James Wright in Carnivores zone.
1:25 of 1st period - Wrist shot by Jimmy Hayes.
1:25 of 1st period - Stopped by Antti Raanta without a rebound.
1:26 of 1st period - Anton Gustafsson wins face-off versus James Wright in Carnivores zone.
2:05 of 1st period - Wrist shot by Anton Gustafsson.
2:05 of 1st period - Stopped by Jeff Glass with a rebound.
2:09 of 1st period - Snap shot by Artemi Panarin.
2:09 of 1st period - Shot Misses the Net.
2:13 of 1st period - Snap shot by Brendan Gallagher.
2:13 of 1st period - Goal by Brendan Gallagher - Knights : 0 - Carnivores : 1.
2:14 of 1st period - Mikael Granlund wins face-off versus James Wright in neutral zone.
2:48 of 1st period - Wrist shot by Chris Thorburn.
2:48 of 1st period - Shot Misses the Net.
3:00 of 1st period - Slapshot by Bobby Sanguinetti.
3:00 of 1st period - Stopped by Jeff Glass with a rebound.
3:02 of 1st period - Backhand shot by Anton Gustafsson.
3:02 of 1st period - Goal by Anton Gustafsson - Knights : 0 - Carnivores : 2.
3:03 of 1st period - Anton Gustafsson wins face-off versus Ryan Nugent-Hopkins in neutral zone.
3:50 of 1st period - Snap shot by Chris Thorburn.
3:50 of 1st period - Shot Misses the Net.
3:52 of 1st period - Slapshot by Tomas Kundratek.
3:52 of 1st period - Deflect By Chris Thorburn.
3:52 of 1st period - Stopped by Antti Raanta without a rebound.
3:53 of 1st period - Joe Colborne wins face-off versus Anton Gustafsson in Carnivores zone.
4:36 of 1st period - Wrist shot by Joe Colborne.
4:36 of 1st period - Shot Blocked by Blake Geoffrion.
4:38 of 1st period - Slapshot by Chris Thorburn.
4:38 of 1st period - Stopped by Antti Raanta with a rebound.
4:40 of 1st period - Slapshot by Zach Trotman.
4:40 of 1st period - Deflect By Chris Thorburn.
4:40 of 1st period - Shot Misses the Net.
4:40 of 1st period - Puck is out of play.
4:41 of 1st period - Anton Gustafsson wins face-off versus James Wright in Carnivores zone.
4:56 of 1st period - Wrist shot by James Wright.
4:56 of 1st period - Shot Misses the Net.
5:06 of 1st period - Nikita Nikitin is hit by Bobby Sanguinetti and loses puck.
5:27 of 1st period - Slapshot by Bobby Sanguinetti.
5:27 of 1st period - Stopped by Jeff Glass without a rebound.
5:28 of 1st period - Zack Smith wins face-off versus Ryan Nugent-Hopkins in Knights zone.
5:53 of 1st period - Artemi Panarin is hit by Jimmy Hayes and loses puck.
5:58 of 1st period - Snap shot by Jimmy Hayes.
5:58 of 1st period - Stopped by Antti Raanta with a rebound.
6:28 of 1st period - Snap shot by Mikael Granlund.
6:28 of 1st period - Shot Misses the Net.
7:06 of 1st period - Snap shot by Markus Granlund.
7:06 of 1st period - Deflect By Chris Thorburn.
7:06 of 1st period - Stopped by Jeff Glass with a rebound.
7:56 of 1st period - Snap shot by James Wright.
7:56 of 1st period - Deflect By Michael Raffl.
7:56 of 1st period - Stopped by Antti Raanta with a rebound.
8:12 of 1st period - Sasha Pokulok is hit by Joe Colborne and loses puck.
8:20 of 1st period - Icing by Sasha Pokulok.
8:21 of 1st period - Markus Granlund wins face-off versus Ryan Nugent-Hopkins in Carnivores zone.
8:26 of 1st period - Tomas Kundratek is hit by Artemi Panarin and loses puck.
8:31 of 1st period - Backhand shot by Artemi Panarin.
8:31 of 1st period - Shot Misses the Net.
8:52 of 1st period - Jimmy Hayes is hit by Chris Lawrence and loses puck.
9:01 of 1st period - Blake Geoffrion is hit by Michael Raffl and loses puck.
9:05 of 1st period - Icing by Chris Lawrence.
9:06 of 1st period - Joe Colborne wins face-off versus Mikael Granlund in Carnivores zone.
9:58 of 1st period - Snap shot by Chris Lawrence.
9:58 of 1st period - Stopped by Jeff Glass without a rebound.
9:59 of 1st period - Anton Gustafsson wins face-off versus James Wright in Knights zone.
10:05 of 1st period - Icing by Michael Raffl.
10:06 of 1st period - James Wright wins face-off versus Brendan Gallagher in Knights zone.
10:11 of 1st period - Backhand shot by James Wright.
10:11 of 1st period - Stopped by Antti Raanta with a rebound.
10:16 of 1st period - Off-side.
10:17 of 1st period - Jimmy Hayes wins face-off versus Anton Gustafsson in neutral zone.
10:22 of 1st period - Snap shot by Jimmy Hayes.
10:22 of 1st period - Shot Misses the Net.
11:01 of 1st period - Wrist shot by Colton Orr.
11:01 of 1st period - Stopped by Jeff Glass with a rebound.
11:08 of 1st period - Minor Penalty to Mat Clark for Cross-checking.
11:09 of 1st period - Chris Thorburn wins face-off versus Artemi Panarin in Carnivores zone.
11:10 of 1st period - Snap shot by James Wright.
11:10 of 1st period - Shot Misses the Net.
11:12 of 1st period - Slapshot by Nikita Nikitin.
11:12 of 1st period - Shot Misses the Net.
11:14 of 1st period - Slapshot by Nikita Nikitin.
11:14 of 1st period - Goal by Nikita Nikitin - Knights : 1 - Carnivores : 2.
11:15 of 1st period - Artemi Panarin wins face-off versus James Wright in neutral zone.
11:31 of 1st period - Off-side.
11:32 of 1st period - Ryan Nugent-Hopkins wins face-off versus Markus Granlund in neutral zone.
11:38 of 1st period - Minor Penalty to Mark McNeill for Roughing.
11:39 of 1st period - Artemi Panarin wins face-off versus James Wright in Carnivores zone.
11:49 of 1st period - Slapshot by Chris Thorburn.
11:49 of 1st period - Shot Blocked by Nate Schmidt.
11:51 of 1st period - Slapshot by Tomas Kundratek.
11:51 of 1st period - Shot Blocked by Chris Lawrence.
11:53 of 1st period - Snap shot by Nikita Nikitin.
11:53 of 1st period - Stopped by Antti Raanta without a rebound.
11:54 of 1st period - Artemi Panarin wins face-off versus James Wright in Carnivores zone.
12:05 of 1st period - Snap shot by Artemi Panarin.
12:05 of 1st period - Shot Misses the Net.
12:25 of 1st period - Slapshot by Nikita Nikitin.
12:25 of 1st period - Stopped by Antti Raanta without a rebound.
12:26 of 1st period - Ryan Nugent-Hopkins wins face-off versus Anton Gustafsson in Carnivores zone.
12:27 of 1st period - Snap shot by Jimmy Hayes.
12:27 of 1st period - Goal by Jimmy Hayes - Knights : 2 - Carnivores : 2.
12:28 of 1st period - Anton Gustafsson wins face-off versus James Wright in neutral zone.
12:31 of 1st period - Slapshot by Bobby Sanguinetti.
12:31 of 1st period - Shot Misses the Net.
12:53 of 1st period - Nikita Nikitin is hit by Markus Granlund and loses puck.
13:09 of 1st period - Icing by Nate Schmidt.
13:10 of 1st period - Joe Colborne wins face-off versus Mikael Granlund in Carnivores zone.
13:13 of 1st period - Snap shot by Chris Thorburn.
13:13 of 1st period - Stopped by Antti Raanta with a rebound.
13:15 of 1st period - Slapshot by Michael Stone.
13:15 of 1st period - Shot Misses the Net.
13:17 of 1st period - Slapshot by Zach Trotman.
13:17 of 1st period - Stopped by Antti Raanta with a rebound.
13:19 of 1st period - Slapshot by Chris Thorburn.
13:19 of 1st period - Shot Misses the Net.
13:21 of 1st period - Slapshot by Zach Trotman.
13:21 of 1st period - Deflect By Chris Lawrence.
13:21 of 1st period - Stopped by Antti Raanta with a rebound.
13:23 of 1st period - Slapshot by Zach Trotman.
13:23 of 1st period - Stopped by Antti Raanta without a rebound.
13:24 of 1st period - Anton Gustafsson wins face-off versus Jimmy Hayes in Carnivores zone.
13:56 of 1st period - Slapshot by Chris Thorburn.
13:56 of 1st period - Shot Misses the Net.
14:15 of 1st period - Jeremy Welsh is hit by Ronalds Kenins and loses puck.
14:20 of 1st period - Wrist shot by Kevin Hayes.
14:20 of 1st period - Stopped by Antti Raanta with a rebound.
14:34 of 1st period - Nikita Nikitin is hit by Anton Gustafsson and loses puck.
15:07 of 1st period - Minor Penalty to Jimmy Hayes for Tripping.
15:08 of 1st period - Anton Gustafsson wins face-off versus James Wright in Knights zone.
15:19 of 1st period - Zach Trotman is hit by Nate Schmidt and loses puck.
17:07 of 1st period - Penalty to Jimmy Hayes is over, Jimmy Hayes is back on ice.
17:35 of 1st period - Snap shot by Colton Orr.
17:35 of 1st period - Stopped by Jeff Glass without a rebound.
17:36 of 1st period - Markus Granlund wins face-off versus Joe Colborne in Knights zone.
17:41 of 1st period - Snap shot by Jeremy Welsh.
17:41 of 1st period - Goal by Jeremy Welsh - Knights : 2 - Carnivores : 3.
17:42 of 1st period - James Wright wins face-off versus Anton Gustafsson in neutral zone.
17:58 of 1st period - Wrist shot by James Wright.
17:58 of 1st period - Deflect By Artemi Panarin.
17:58 of 1st period - Shot Misses the Net.
17:58 of 1st period - Puck is out of play.
17:59 of 1st period - Mikael Granlund wins face-off versus Joe Colborne in Carnivores zone.
18:04 of 1st period - Wrist shot by Blake Geoffrion.
18:04 of 1st period - Stopped by Jeff Glass with a rebound.
18:10 of 1st period - Snap shot by Chris Lawrence.
18:10 of 1st period - Stopped by Jeff Glass without a rebound.
18:11 of 1st period - Anton Gustafsson wins face-off versus James Wright in Knights zone.
18:38 of 1st period - Bobby Sanguinetti is hit by Ronalds Kenins and loses puck.
18:49 of 1st period - Snap shot by Ronalds Kenins.
18:49 of 1st period - Shot Blocked by Nate Schmidt.
19:19 of 1st period - Snap shot by Michael Stone.
19:19 of 1st period - Shot Blocked by Sasha Pokulok.
19:21 of 1st period - Snap shot by A.J. Jenks.
19:21 of 1st period - Shot Blocked by Phil Oreskovic.
19:23 of 1st period - Slapshot by Cody Bass.
19:23 of 1st period - Shot Misses the Net.
19:25 of 1st period - Slapshot by Michael Stone.
19:25 of 1st period - Deflect By Cody Bass.
19:25 of 1st period - Stopped by Antti Raanta without a rebound.
19:26 of 1st period - Anton Gustafsson wins face-off versus James Wright in Carnivores zone.
19:34 of 1st period - Slapshot by Phil Oreskovic.
19:34 of 1st period - Stopped by Jeff Glass with a rebound.
19:36 of 1st period - Slapshot by Phil Oreskovic.
19:36 of 1st period - Stopped by Jeff Glass without a rebound.
19:37 of 1st period - Anton Gustafsson wins face-off versus James Wright in Knights zone.
19:38 of 1st period - Snap shot by Artemi Panarin.
19:38 of 1st period - Shot Misses the Net.
19:41 of 1st period - Minor Penalty to Nikita Nikitin for Hooking.
19:42 of 1st period - Anton Gustafsson wins face-off versus James Wright in Knights zone.
19:53 of 1st period - Wrist shot by Artemi Panarin.
19:53 of 1st period - Goal by Artemi Panarin - Knights : 2 - Carnivores : 4.
19:53 of 1st period - Mark Dekanich enters game.
19:54 of 1st period - Anton Gustafsson wins face-off versus James Wright in neutral zone.
Goals for this period are 2 for Knights vs 4 for Carnivores.
Shots for this period are 18 for Knights vs 15 for Carnivores.
2nd period
0:01 of 2nd period - Anton Gustafsson wins face-off versus James Wright in neutral zone.
0:14 of 2nd period - Snap shot by Artemi Panarin.
0:14 of 2nd period - Shot Blocked by Tomas Kundratek.
0:16 of 2nd period - Slapshot by Sasha Pokulok.
0:16 of 2nd period - Shot Blocked by Michael Stone.
1:17 of 2nd period - Wrist shot by Linden Vey.
1:17 of 2nd period - Shot Misses the Net.
1:19 of 2nd period - Wrist shot by Tomas Kundratek.
1:19 of 2nd period - Deflect By A.J. Jenks.
1:19 of 2nd period - Shot Misses the Net.
1:19 of 2nd period - Puck is out of play.
1:20 of 2nd period - James Wright wins face-off versus Anton Gustafsson in Carnivores zone.
1:31 of 2nd period - Snap shot by Jimmy Hayes.
1:31 of 2nd period - Stopped by Antti Raanta with a rebound.
1:35 of 2nd period - Snap shot by Michael Raffl.
1:35 of 2nd period - Shot Blocked by Bobby Sanguinetti.
1:45 of 2nd period - Chris Lawrence is hit by Joe Colborne.
1:49 of 2nd period - Wrist shot by Chris Lawrence.
1:49 of 2nd period - Stopped by Mark Dekanich without a rebound.
1:50 of 2nd period - Mikael Granlund wins face-off versus Joe Colborne in Knights zone.
2:42 of 2nd period - Snap shot by Joe Colborne.
2:42 of 2nd period - Stopped by Antti Raanta with a rebound.
2:44 of 2nd period - Wrist shot by Tomas Kundratek.
2:44 of 2nd period - Shot Blocked by Phil Oreskovic.
2:46 of 2nd period - Snap shot by Chris Thorburn.
2:46 of 2nd period - Stopped by Antti Raanta with a rebound.
2:48 of 2nd period - Slapshot by Jason Zucker.
2:48 of 2nd period - Goal by Jason Zucker - Knights : 3 - Carnivores : 4.
2:49 of 2nd period - Brendan Gallagher wins face-off versus Michael Raffl in neutral zone.
2:51 of 2nd period - Minor Penalty to Brendan Gallagher for Diving.
2:52 of 2nd period - Artemi Panarin wins face-off versus James Wright in Carnivores zone.
3:05 of 2nd period - Snap shot by Michael Raffl.
3:05 of 2nd period - Shot Misses the Net.
4:50 of 2nd period - Lane MacDermid is hit by Ronalds Kenins and loses puck.
4:51 of 2nd period - Penalty to Brendan Gallagher is over, Brendan Gallagher is back on ice.
5:37 of 2nd period - Icing by Anton Gustafsson.
5:38 of 2nd period - Joe Colborne wins face-off versus Mikael Granlund in Carnivores zone.
6:01 of 2nd period - Snap shot by A.J. Jenks.
6:01 of 2nd period - Stopped by Antti Raanta with a rebound.
6:19 of 2nd period - Wrist shot by James Wright.
6:19 of 2nd period - Goal by James Wright - Knights : 4 - Carnivores : 4.
6:20 of 2nd period - James Wright wins face-off versus Anton Gustafsson in neutral zone.
6:54 of 2nd period - Wrist shot by Ryan Nugent-Hopkins.
6:54 of 2nd period - Stopped by Antti Raanta with a rebound.
6:56 of 2nd period - Slapshot by Zach Trotman.
6:56 of 2nd period - Shot Blocked by Sasha Pokulok.
7:55 of 2nd period - Wrist shot by Chris Lawrence.
7:55 of 2nd period - Stopped by Mark Dekanich without a rebound.
7:56 of 2nd period - James Wright wins face-off versus Mikael Granlund in Knights zone.
8:06 of 2nd period - Off-side.
8:07 of 2nd period - Jimmy Hayes wins face-off versus Anton Gustafsson in neutral zone.
9:02 of 2nd period - Snap shot by Joe Colborne.
9:02 of 2nd period - Shot Blocked by Phil Oreskovic.
9:34 of 2nd period - Slapshot by Anton Gustafsson.
9:34 of 2nd period - Stopped by Mark Dekanich with a rebound.
9:36 of 2nd period - Wrist shot by Sasha Pokulok.
9:36 of 2nd period - Stopped by Mark Dekanich with a rebound.
9:38 of 2nd period - Snap shot by Artemi Panarin.
9:38 of 2nd period - Deflect By Brendan Gallagher.
9:38 of 2nd period - Stopped by Mark Dekanich with a rebound.
9:40 of 2nd period - Snap shot by Anton Gustafsson.
9:40 of 2nd period - Shot Misses the Net.
9:42 of 2nd period - Snap shot by Anton Gustafsson.
9:42 of 2nd period - Stopped by Mark Dekanich with a rebound.
9:52 of 2nd period - Tomas Kundratek is hit by Mikael Granlund and loses puck.
10:33 of 2nd period - Wrist shot by Michael Raffl.
10:33 of 2nd period - Shot Blocked by Bobby Sanguinetti.
10:35 of 2nd period - Slapshot by Tomas Kundratek.
10:35 of 2nd period - Stopped by Antti Raanta without a rebound.
10:36 of 2nd period - Anton Gustafsson wins face-off versus Ryan Nugent-Hopkins in Carnivores zone.
10:47 of 2nd period - Snap shot by Kevin Hayes.
10:47 of 2nd period - Deflect By Ronalds Kenins.
10:47 of 2nd period - Stopped by Antti Raanta with a rebound.
11:24 of 2nd period - Off-side.
11:25 of 2nd period - Zack Smith wins face-off versus Ryan Nugent-Hopkins in neutral zone.
11:36 of 2nd period - Slapshot by Colton Orr.
11:36 of 2nd period - Shot Misses the Net.
11:38 of 2nd period - Snap shot by Lane MacDermid.
11:38 of 2nd period - Shot Misses the Net.
11:40 of 2nd period - Wrist shot by Zack Smith.
11:40 of 2nd period - Stopped by Mark Dekanich with a rebound.
12:03 of 2nd period - Artemi Panarin is hit by A.J. Jenks and loses puck.
12:24 of 2nd period - Mikael Granlund is hit by Michael Stone and loses puck.
13:00 of 2nd period - Wrist shot by Lane MacDermid.
13:00 of 2nd period - Shot Blocked by Kevin Hayes.
13:02 of 2nd period - Slapshot by Zach Jones.
13:02 of 2nd period - Shot Blocked by Ronalds Kenins.
13:04 of 2nd period - Wrist shot by Colton Orr.
13:04 of 2nd period - Stopped by Mark Dekanich without a rebound.
13:05 of 2nd period - Lane MacDermid wins face-off versus Ryan Nugent-Hopkins in Knights zone.
13:08 of 2nd period - Snap shot by Zack Smith.
13:08 of 2nd period - Stopped by Mark Dekanich without a rebound.
13:09 of 2nd period - Artemi Panarin wins face-off versus James Wright in Knights zone.
13:17 of 2nd period - Minor Penalty to Michael Raffl for Slashing.
13:18 of 2nd period - Anton Gustafsson wins face-off versus James Wright in Knights zone.
13:48 of 2nd period - Chris Lawrence is hit by Tomas Kundratek and loses puck.
14:10 of 2nd period - Jimmy Hayes is hit by Brendan Gallagher and loses puck.
14:21 of 2nd period - Brendan Gallagher is hit by Zach Trotman and loses puck.
14:44 of 2nd period - Blake Geoffrion is hit by Jason Zucker and loses puck.
14:49 of 2nd period - Snap shot by Jason Zucker.
14:49 of 2nd period - Shot Misses the Net.
14:51 of 2nd period - Slapshot by Tomas Kundratek.
14:51 of 2nd period - Shot Blocked by Blake Geoffrion.
15:17 of 2nd period - Penalty to Michael Raffl is over, Michael Raffl is back on ice.
15:57 of 2nd period - Nikita Nikitin is hit by Jeremy Welsh and loses puck.
17:14 of 2nd period - Snap shot by Chris Lawrence.
17:14 of 2nd period - Stopped by Mark Dekanich without a rebound.
17:15 of 2nd period - Anton Gustafsson wins face-off versus Cody Bass in Knights zone.
17:20 of 2nd period - Slapshot by Artemi Panarin.
17:20 of 2nd period - Goal by Artemi Panarin - Knights : 4 - Carnivores : 5.
17:21 of 2nd period - James Wright wins face-off versus Anton Gustafsson in neutral zone.
17:48 of 2nd period - Snap shot by Chris Lawrence.
17:48 of 2nd period - Shot Blocked by Joe Colborne.
18:12 of 2nd period - Snap shot by Ronalds Kenins.
18:12 of 2nd period - Shot Misses the Net.
18:14 of 2nd period - Slapshot by Kevin Hayes.
18:14 of 2nd period - Stopped by Antti Raanta with a rebound.
18:45 of 2nd period - Minor Penalty to Linden Vey for Roughing.
18:46 of 2nd period - Anton Gustafsson wins face-off versus James Wright in Knights zone.
Goals for this period are 2 for Knights vs 1 for Carnivores.
Shots for this period are 10 for Knights vs 11 for Carnivores.
3rd period
0:01 of 3rd period - Artemi Panarin wins face-off versus James Wright in neutral zone.
0:45 of 3rd period - Penalty to Linden Vey is over, Linden Vey is back on ice.
1:43 of 3rd period - Snap shot by Colton Orr.
1:43 of 3rd period - Shot Misses the Net.
1:45 of 3rd period - Slapshot by Bobby Sanguinetti.
1:45 of 3rd period - Deflect By Lane MacDermid.
1:45 of 3rd period - Stopped by Mark Dekanich with a rebound.
1:59 of 3rd period - Wrist shot by Joe Colborne.
1:59 of 3rd period - Stopped by Antti Raanta without a rebound.
2:00 of 3rd period - Anton Gustafsson wins face-off versus Joe Colborne in Carnivores zone.
2:54 of 3rd period - Snap shot by A.J. Jenks.
2:54 of 3rd period - Shot Misses the Net.
2:56 of 3rd period - Slapshot by Michael Stone.
2:56 of 3rd period - Stopped by Antti Raanta without a rebound.
2:57 of 3rd period - Anton Gustafsson wins face-off versus James Wright in Carnivores zone.
4:25 of 3rd period - Michael Raffl is hit by Artemi Panarin and loses puck.
4:34 of 3rd period - Wrist shot by Artemi Panarin.
4:34 of 3rd period - Shot Blocked by Michael Raffl.
5:06 of 3rd period - Zach Trotman is hit by Mark McNeill and loses puck.
5:36 of 3rd period - Snap shot by A.J. Jenks.
5:36 of 3rd period - Shot Misses the Net.
5:38 of 3rd period - Wrist shot by A.J. Jenks.
5:38 of 3rd period - Stopped by Antti Raanta with a rebound.
5:40 of 3rd period - Snap shot by Zach Trotman.
5:40 of 3rd period - Stopped by Antti Raanta without a rebound.
5:41 of 3rd period - James Wright wins face-off versus Anton Gustafsson in Carnivores zone.
5:44 of 3rd period - Wrist shot by Jimmy Hayes.
5:44 of 3rd period - Stopped by Antti Raanta with a rebound.
5:51 of 3rd period - Wrist shot by Artemi Panarin.
5:51 of 3rd period - Stopped by Mark Dekanich without a rebound.
5:52 of 3rd period - Anton Gustafsson wins face-off versus James Wright in Knights zone.
6:13 of 3rd period - Minor Penalty to Jimmy Hayes for Hooking.
6:14 of 3rd period - James Wright wins face-off versus Anton Gustafsson in Knights zone.
6:25 of 3rd period - Slapshot by Anton Gustafsson.
6:25 of 3rd period - Goal by Anton Gustafsson - Knights : 4 - Carnivores : 6.
6:26 of 3rd period - James Wright wins face-off versus Anton Gustafsson in neutral zone.
7:15 of 3rd period - Michael Stone is hit by Mikael Granlund and loses puck.
7:37 of 3rd period - Wrist shot by Jeremy Welsh.
7:37 of 3rd period - Shot Misses the Net.
7:39 of 3rd period - Snap shot by Phil Oreskovic.
7:39 of 3rd period - Shot Misses the Net.
7:41 of 3rd period - Snap shot by Markus Granlund.
7:41 of 3rd period - Shot Misses the Net.
7:59 of 3rd period - Nate Schmidt is hit by Linden Vey.
8:21 of 3rd period - Snap shot by Linden Vey.
8:21 of 3rd period - Stopped by Antti Raanta with a rebound.
8:23 of 3rd period - Snap shot by A.J. Jenks.
8:23 of 3rd period - Shot Misses the Net.
8:25 of 3rd period - Slapshot by Patrick Wiercioch.
8:25 of 3rd period - Shot Misses the Net.
8:27 of 3rd period - Snap shot by Cody Bass.
8:27 of 3rd period - Shot Misses the Net.
8:29 of 3rd period - Wrist shot by Cody Bass.
8:29 of 3rd period - Stopped by Antti Raanta with a rebound.
8:39 of 3rd period - Snap shot by Cody Bass.
8:39 of 3rd period - Stopped by Antti Raanta without a rebound.
8:40 of 3rd period - Michael Raffl wins face-off versus Anton Gustafsson in Carnivores zone.
8:41 of 3rd period - Backhand shot by Jimmy Hayes.
8:41 of 3rd period - Shot Misses the Net.
8:52 of 3rd period - Off-side.
8:53 of 3rd period - James Wright wins face-off versus Anton Gustafsson in neutral zone.
9:44 of 3rd period - Chris Lawrence is hit by Zach Trotman and loses puck.
9:53 of 3rd period - Snap shot by Ryan Nugent-Hopkins.
9:53 of 3rd period - Stopped by Antti Raanta with a rebound.
10:21 of 3rd period - Artemi Panarin is hit by Tomas Kundratek and loses puck.
10:40 of 3rd period - Slapshot by Lane MacDermid.
10:40 of 3rd period - Stopped by Mark Dekanich without a rebound.
10:41 of 3rd period - Ryan Nugent-Hopkins wins face-off versus Anton Gustafsson in Knights zone.
10:41 of 3rd period - Ryan Nugent-Hopkins is hit by Artemi Panarin.
10:49 of 3rd period - Wrist shot by Artemi Panarin.
10:49 of 3rd period - Shot Misses the Net.
11:28 of 3rd period - Wrist shot by Bobby Sanguinetti.
11:28 of 3rd period - Deflect By Chris Lawrence.
11:28 of 3rd period - Stopped by Mark Dekanich with a rebound.
11:30 of 3rd period - Wrist shot by Blake Geoffrion.
11:30 of 3rd period - Shot Hit the Post.
11:32 of 3rd period - Slapshot by Nate Schmidt.
11:32 of 3rd period - Stopped by Mark Dekanich without a rebound.
11:33 of 3rd period - Mikael Granlund wins face-off versus Joe Colborne in Knights zone.
12:00 of 3rd period - Tomas Kundratek is hit by Artemi Panarin and loses puck.
12:11 of 3rd period - Backhand shot by Anton Gustafsson.
12:11 of 3rd period - Shot Misses the Net.
12:13 of 3rd period - Slapshot by Brendan Gallagher.
12:13 of 3rd period - Stopped by Mark Dekanich with a rebound.
12:40 of 3rd period - Markus Granlund is hit by Kevin Hayes and loses puck.
13:17 of 3rd period - Slapshot by Artemi Panarin.
13:17 of 3rd period - Shot Misses the Net.
13:31 of 3rd period - Slapshot by Mat Clark.
13:31 of 3rd period - Deflect By Blake Geoffrion.
13:31 of 3rd period - Shot Misses the Net.
13:31 of 3rd period - Puck is out of play.
13:32 of 3rd period - Jimmy Hayes wins face-off versus Mikael Granlund in Knights zone.
14:39 of 3rd period - Snap shot by Colton Orr.
14:39 of 3rd period - Stopped by Mark Dekanich with a rebound.
14:41 of 3rd period - Slapshot by Nate Schmidt.
14:41 of 3rd period - Deflect By Tomas Kundratek.
14:41 of 3rd period - Stopped by Mark Dekanich without a rebound.
14:42 of 3rd period - Zack Smith wins face-off versus James Wright in Knights zone.
14:46 of 3rd period - Minor Penalty to Jimmy Hayes for Hooking.
14:47 of 3rd period - James Wright wins face-off versus Anton Gustafsson in Knights zone.
14:51 of 3rd period - Slapshot by Nikita Nikitin.
14:51 of 3rd period - Shot Misses the Net.
15:03 of 3rd period - James Wright is hit by Brendan Gallagher and loses puck.
16:46 of 3rd period - Penalty to Jimmy Hayes is over, Jimmy Hayes is back on ice.
16:53 of 3rd period - Snap shot by Colton Orr.
16:53 of 3rd period - Goal by Colton Orr - Knights : 4 - Carnivores : 7.
16:54 of 3rd period - Mark McNeill wins face-off versus Joe Colborne in neutral zone.
17:08 of 3rd period - Wrist shot by Joe Colborne.
17:08 of 3rd period - Shot Misses the Net.
17:10 of 3rd period - Slapshot by Michael Stone.
17:10 of 3rd period - Stopped by Antti Raanta without a rebound.
17:11 of 3rd period - Brendan Gallagher wins face-off versus James Wright in Carnivores zone.
17:11 of 3rd period - Brendan Gallagher is hit by Jimmy Hayes.
17:23 of 3rd period - Slapshot by Bobby Sanguinetti.
17:23 of 3rd period - Shot Misses the Net.
17:25 of 3rd period - Slapshot by Anton Gustafsson.
17:25 of 3rd period - Shot Blocked by Michael Raffl.
17:33 of 3rd period - Minor Penalty to Jimmy Hayes for Hooking.
17:34 of 3rd period - James Wright wins face-off versus Anton Gustafsson in Knights zone.
17:34 of 3rd period - James Wright is hit by Nate Schmidt.
18:08 of 3rd period - Slapshot by Sasha Pokulok.
18:08 of 3rd period - Shot Misses the Net.
18:10 of 3rd period - Wrist shot by Phil Oreskovic.
18:10 of 3rd period - Deflect By Tomas Kundratek.
18:10 of 3rd period - Stopped by Mark Dekanich without a rebound.
18:11 of 3rd period - Mikael Granlund wins face-off versus James Wright in Knights zone.
19:33 of 3rd period - Penalty to Jimmy Hayes is over, Jimmy Hayes is back on ice.
Goals for this period are 0 for Knights vs 2 for Carnivores.
Shots for this period are 10 for Knights vs 11 for Carnivores.
Back to the Top